 Dungeon Sprint DCSS version 0.30-a0-772-g5528072125 (webtiles) character file.

Game seed: 11281208853417645873

219 rocky1 the Destroyer (level 5, -3/31 HPs)
             Began as a Tengu Conjurer on Feb 13, 2023.
             Was an Initiate of Gozag.
             Slain by a two-headed ogre
             ... wielding a +0 giant club
              (9 damage)
             ... in the Dungeon (Sprint IX: "|||||||||||||||||||||||||||||").
             The game lasted 00:02:27 (655 turns).

rocky1 the Destroyer (Tengu Conjurer)                Turns: 655, Time: 00:02:28

Health: -3/31      AC:  5    Str: 11    XL:     5   Next: 96%
Magic:  4/15       EV: 17    Int: 20    God:    Gozag
Gold:   0          SH:  0    Dex: 12    Spells: 4/18 levels left

rFire   . . .      SeeInvis .    k - +2 rapier (venom)
rCold   . . .      Faith    .    (no shield)
rNeg    . . .      Spirit   .    a - +0 robe
rPois   .          Reflect  .    (helmet restricted)
rElec   .          Harm     .    (no cloak)
rCorr   .          Rampage  .    m - +0 pair of gloves
Will    .....      NoTele   +    (boots unavailable)
Stlth   ++                       (no amulet)
HPRegen 0.25/turn                n - +2 ring of protection
MPRegen 0.14/turn                o - +3 ring of strength

@: gold aura, flying quickly and evasively, invisible, quick
A: beak, talons 3, nimble flight
a: Renounce Religion, Potion Petition, Call Merchant, Bribe Branch


You were in the Dungeon.
You worshipped Gozag.
Gozag was noncommittal.
You visited 1 branch

Inventory:

Hand Weapons
 k - a +2 rapier of venom (weapon)
 l - a +2 scimitar of flaming
Armour
 a - a +0 robe (worn)
 m - a +0 pair of gloves (worn)
Jewellery
 n - a +2 ring of protection (left hand)
 o - a +3 ring of strength (right hand)
Wands
 j - a wand of roots (10)
Scrolls
 h - 2 scrolls of amnesia
 i - a scroll of blinking
Potions
 b - 4 potions of magic
 c - 5 potions of curing
 d - 2 potions of heal wounds
 e - a potion of haste
 f - a potion of berserk rage


   Skills:
 + Level 2.3 Fighting
 + Level 6.4 Dodging
 - Level 2.5 Stealth
 * Level 7.2 Spellcasting
 + Level 9.8 Conjurations


You had 4 spell levels left.
You knew the following spells:

 Your Spells              Type           Power      Damage    Failure   Level
a - Magic Dart            Conj           100%       1d8       1%          1
b - Searing Ray           Conj           92%        2d7       1%          2
c - Dazzling Flash        Conj/Hex       52%        N/A       3%          3
d - Iskenderun's Mystic   Conj/Tloc      26%        2d7       12%         4
e - Fulminant Prism       Conj/Hex       13%        3d9       12%         4

Your spell library contained the following spells:

 Spells                   Type           Power      Damage    Failure   Level


Dungeon Overview and Level Annotations

Branches:
Dungeon (1/1)

Altars:
Cheibriados
Dithmenos
Elyvilon
Fedhas
Gozag
Hepliaklqana
Kikubaaqudgha
Makhleb
Nemelex Xobeh
Okawaru
Qazlal
Ru
Sif Muna
Trog
Uskayaw
Vehumet
Wu Jian
Xom
Yredelemnul
Zin
The Shining One
Jiyva
Lugonu


Innate Abilities, Weirdness & Mutations

You have a beak for a mouth.
You have claws for feet.
Your magical nature lets you fly swiftly and evasively.


Message History

(Press . to maintain the ray.)
Your Fighting skill increases to level 1!
Your Dodging skill increases to level 6!
The searing ray hits the two-headed ogre!
The two-headed ogre is heavily wounded.
The searing ray misses the killer bee.
The searing ray hits the yak.
The yak is heavily wounded.
The yak bellows! x2
The searing ray hits the two-headed ogre.
The two-headed ogre is heavily wounded.
The searing ray hits the killer bee.
You kill the killer bee!
The searing ray hits the yak!
The yak is severely wounded.
Your Fighting skill increases to level 2!
Your Spellcasting skill increases to level 7!
The searing ray hits the two-headed ogre.
The two-headed ogre is severely wounded.
The searing ray hits the yak.
The yak is almost dead.
You finish channelling your searing ray.
The two-headed ogre barely misses you. The two-headed ogre misses you.
Unknown command.
Casting: Searing Ray (safe; 1% risk of failure)
Confirm with . or Enter, or press ? or * to list all spells.
Aiming: Searing Ray (safe; 1% risk of failure)
Press: ? - help, Shift-Dir - straight line, f/p - two-headed ogre
Aim: a two-headed ogre, wielding a +0 giant club and a +0 giant spiked club (heavily wounded, unable to see you, 91% to hit)
The searing ray hits the two-headed ogre!
The two-headed ogre is severely wounded.
The searing ray hits the yak.
The yak is almost dead. (Press . to maintain the ray.)
The yak bellows!
The two-headed ogre hits you with a +0 giant club!
Ouch! That really hurt!
* * * LOW HITPOINT WARNING * * *
The two-headed ogre hits you with a +0 giant spiked club!
You die...
Your body crumbles into a pile of gold.

$
▓.▓
$
▓c▓
$ $
▓.▓
$
▓Y▓
$
▓Y▓
▓.▓
$ $
▓O▓
$
▓@▓
$
▓.▓
▓[▓
$
▓[▓
▓.▓
$
▓.▓
$
▓)▓
$
▓.▓
$
▓.▓


You could see a two-headed ogre (unable to see you), 2 yaks and a centaur
(unable to see you).

Vanquished Creatures
  A black bear (D)
  A killer bee (D)
  A howler monkey (D)
  A hound (D)
  An adder (D)
  A shadow imp (D)
  A dart slug (D)
  An orc (D)
  2 endoplasms (D)
  2 hobgoblins (D)
12 creatures vanquished.

Notes
Turn   | Place    | Note
-------+----------+-------------------------------------------
     0 | D        | rocky1 the Tengu Conjurer began the quest for the Orb.
     0 | D        | Reached XP level 1. HP: 10/10 MP: 4/4
     9 | D        | Reached skill level 6 in Conjurations
    25 | D        | Reached XP level 2. HP: 9/15 MP: 1/6
   175 | D        | Learned a level 2 spell: Searing Ray
   176 | D        | Noticed a black bear
   184 | D        | Killed a black bear
   185 | D        | Reached skill level 5 in Dodging
   185 | D        | Reached skill level 5 in Spellcasting
   185 | D        | Reached skill level 8 in Conjurations
   185 | D        | Reached XP level 3. HP: 7/19 MP: 5/10
   185 | D        | Reached XP level 4. HP: 8/24 MP: 6/12
   188 | D        | Reached skill level 9 in Conjurations
   188 | D        | Gained mutation: Your magical nature lets you fly swiftly
                  | and evasively. [Tengu growth]
   188 | D        | Reached XP level 5. HP: 11/28 MP: 3/14
   478 | D        | Found a snail-covered altar of Cheibriados.
   478 | D        | Found a shadowy altar of Dithmenos.
   478 | D        | Found a white marble altar of Elyvilon.
   478 | D        | Found a blossoming altar of Fedhas.
   478 | D        | Found an opulent altar of Gozag.
   479 | D        | Found a hazy altar of Hepliaklqana.
   480 | D        | Found a viscous altar of Jiyva.
   481 | D        | Found an ancient bone altar of Kikubaaqudgha.
   482 | D        | Found a corrupted altar of Lugonu.
   583 | D        | Found a burning altar of Makhleb.
   584 | D        | Found a sparkling altar of Nemelex Xobeh.
   585 | D        | Found an iron altar of Okawaru.
   586 | D        | Became a worshipper of Gozag Ym Sagoz the Greedy
   587 | D        | Found a stormy altar of Qazlal.
   588 | D        | Found a sacrificial altar of Ru.
   589 | D        | Found a shimmering blue altar of Sif Muna.
   590 | D        | Found a bloodstained altar of Trog.
   591 | D        | Found a hide-covered altar of Uskayaw.
   592 | D        | Found a radiant altar of Vehumet.
   593 | D        | Found an ornate altar of the Wu Jian Council.
   594 | D        | Found a shimmering altar of Xom.
   595 | D        | Found a basalt altar of Yredelemnul.
   596 | D        | Found a glowing silver altar of Zin.
   597 | D        | Found a glowing golden altar of the Shining One.
   635 | D        | Learned a level 3 spell: Dazzling Flash
   640 | D        | Learned a level 4 spell: Iskenderun's Mystic Blast
   645 | D        | Learned a level 4 spell: Fulminant Prism
   645 | D        | Noticed a centaur
   645 | D        | Noticed a yak
   645 | D        | Noticed a yak
   645 | D        | Noticed a two-headed ogre
   652 | D        | Reached skill level 1 in Fighting
   655 | D        | Slain by a two-headed ogre

Illustrated notes

Levels and vault maps discovered:
D:        linesprint [early_d, line_temple, items_1, d_10, items_2, lair_1,
          lair_end, items_3, orc_1, orc_end, items_4, d_15, swamp_1, shoals_1,
          snake_1, spider_1, d_20, vaults_1, items_5, swamp_end, shoals_end,
          snake_end, spider_end, vaults_end, d_27, items_6, zot_1, zot_end,
          crypt_end, forest_end, elf_end, slime_end, tomb_end, abyss_end,
          pan_hell_end]

Skill      XL: |  1  2  3  4  5 |
---------------+----------------+-----
Conjurations   | 6 8 9 |  9.8
Dodging        | 5 6 |  6.4
Spellcasting   | 5 6 7 |  7.2
Fighting       | 2 |  2.3
Stealth        | |  2.5

Action                     |  1- 3 |  4- 6 || total
---------------------------+-------+-------++-------
  Melee: Unarmed           |    17 |       ||    17
         Kick              |     7 |       ||     7
         Peck              |     5 |       ||     5
   Cast: Magic Dart        |     7 |       ||     7
         Searing Ray       |     1 |     4 ||     5
    Use: Potion            |     1 |     2 ||     3
         Scroll            |     1 |       ||     1
 Armour: Robe              |     5 |       ||     5
  Dodge: Dodged            |     9 |     8 ||    17

Table legend: (Time is in decaauts)
 A = Elapsed time spent in this place.
 B = Non-inter-level travel time spent in this place.
 C = Inter-level travel time spent in this place.
 D = Time resting spent in this place.
 E = Time spent auto-exploring this place.
 F = Levels seen in this place.
 G = Mean time per level.
                   A        B        C        D        E       F      G
               +--------+--------+--------+--------+--------+-----+--------+
         Total |    648 |    648 |      0 |    520 |      0 |   1 |  648.0 |
       Dungeon |    648 |    648 |      0 |    520 |      0 |   1 |  648.0 |
               +--------+--------+--------+--------+--------+-----+--------+

Top non-repeatable levels by time:
       D: 648 daAuts
